 Dungeon Crawl Stone Soup version 0.30.1-11-g7821555f0a (webtiles) character file.

Game seed: 4722018430009275970

158 Cheops the Conjurer (level 5, -7/31 HPs)
             Began as an Octopode Hedge Wizard on Dec 3, 2023.
             Mangled by Crazy Yiuf
             ... wielding a +4 quarterstaff of chaos
              (13 damage)
             ... on level 3 of the Dungeon.
             The game lasted 00:07:15 (3272 turns).

Cheops the Conjurer (Octopode Hedge Wizard)         Turns: 3272, Time: 00:07:15

Health: -7/31      AC:  1    Str: 16    XL:     5   Next: 39%
Magic:  3/9        EV: 13    Int: 18    God:
Gold:   138        SH:  0    Dex: 11    Spells: 1/10 levels left

rFire   . . .        (no weapon)
rCold   + . .        (no shield)
rNeg    . . .        a - +0 hat
rPois   .            (no amulet)
rElec   .            f - ring of protection from cold
rCorr   .            g - ring of see invisible
SInv    +            i - +6 ring of strength
Will    .....        (no ring)
Stlth   +++          (no ring)
HPRegen 0.25/turn    (no ring)
MPRegen 0.11/turn    (no ring)
                     (no ring)

%: no passive effects
@: no status effects
A: almost no armour, amphibious, 8 rings, camouflage 1, gelatinous body 1,
(nimble swimmer 1), tentacles
a: no special abilities


You were on level 3 of the Dungeon.
You visited 1 branch of the dungeon, and saw 3 of its levels.

You collected 138 gold pieces.

Inventory:

Hand Weapons
 b - a +0 dagger
Armour
 a - a +0 hat (worn)
Jewellery
 f - a ring of protection from cold (left tentacle)
 g - a ring of see invisible (right tentacle)
 i - a +6 ring of strength (on tentacle)
Scrolls
 d - 2 scrolls of identify {unknown}
 e - a scroll of blinking {unknown}
 k - 2 scrolls of teleportation {unknown}
 n - a scroll of amnesia {unknown}
Potions
 c - a potion of magic
 h - a potion of berserk rage {unknown}
 j - 2 potions of curing {unknown}
 l - a potion of might {unknown}
 m - a potion of degeneration {unknown}
 o - a potion of haste {unknown}


   Skills:
 - Level 2.0 Dodging
 - Level 2.6 Stealth
 - Level 3.0 Spellcasting
 + Level 5.1 Conjurations
 - Level 1.0 Summonings
 - Level 1.0 Translocations


You had one spell level left.
You knew the following spells:

 Your Spells              Type           Power      Damage    Failure   Level
a - Magic Dart            Conj           84%        1d7       1%          1
b - Slow                  Hex            8%         N/A       16%         1
c - Blink                 Tloc           12%        N/A       16%         2
i - Call Imp              Summ           12%        N/A       16%         2
m - Mephitic Cloud        Conj/Pois/Air  8%         N/A       24%         3

Your spell library contained the following spells:

 Spells                   Type           Power      Damage    Failure   Level
 Lesser Beckoning         Tloc           12%        N/A       16%         2
 Cigotuvi's Dreadful Rot  Necr/Pois/Air  4%         N/A       24%         2
 Gell's Gravitas          Tloc           6%         N/A       32%         3
 Teleport Other           Tloc           6%         N/A       32%         3


Dungeon Overview and Level Annotations

Branches:
Dungeon (3/15)

Altars:
Dithmenos

Shops:
D:3 (

Annotations:
D:3 Crazy Yiuf


Innate Abilities, Weirdness & Mutations

You cannot wear most types of armour.
You are amphibious.
You can wear up to eight rings at the same time.
Your skin changes colour to match your surroundings (Stealth+).
Your rubbery body absorbs attacks. (AC +1, EV +1)
((You are camouflaged when in or above water. (Stealth+)))
You have tentacles for arms and can constrict up to eight enemies at once.


Message History

Confirm with . or Enter, or press ? or * to list all spells.
Aiming: Magic Dart (safe; 1% risk of failure)
Press: ? - help, Shift-Dir - straight line, f/p - Crazy Yiuf
Aim: Crazy Yiuf, wielding a +4 quarterstaff of chaos and wearing a +0 cloak (heavily wounded, 100% to hit)
The magic dart hits Crazy Yiuf.
Crazy Yiuf is severely wounded.
Casting: Magic Dart (safe; 1% risk of failure)
Confirm with . or Enter, or press ? or * to list all spells.
Aiming: Magic Dart (safe; 1% risk of failure)
Press: ? - help, Shift-Dir - straight line, f/p - Crazy Yiuf
Aim: Crazy Yiuf, wielding a +4 quarterstaff of chaos and wearing a +0 cloak (severely wounded, 100% to hit)
The magic dart hits Crazy Yiuf.
Crazy Yiuf is severely wounded.
Crazy Yiuf hits you with a +4 quarterstaff of chaos!
Casting: Magic Dart (safe; 1% risk of failure)
Confirm with . or Enter, or press ? or * to list all spells.
Aiming: Magic Dart (safe; 1% risk of failure)
Press: ? - help, Shift-Dir - straight line, f/p - Crazy Yiuf
Aim: Crazy Yiuf, wielding a +4 quarterstaff of chaos and wearing a +0 cloak (severely wounded, 100% to hit)
The magic dart hits Crazy Yiuf but does no damage.
Crazy Yiuf is severely wounded.
Crazy Yiuf hits you with a +4 quarterstaff of chaos!
Ouch! That really hurt!
* * * LOW HITPOINT WARNING * * *
Casting: Magic Dart (safe; 1% risk of failure)
Confirm with . or Enter, or press ? or * to list all spells.
Aiming: Magic Dart (safe; 1% risk of failure)
Press: ? - help, Shift-Dir - straight line, f/p - Crazy Yiuf
Aim: Crazy Yiuf, wielding a +4 quarterstaff of chaos and wearing a +0 cloak (severely wounded, 100% to hit)
The magic dart hits Crazy Yiuf.
Crazy Yiuf is almost dead.
Crazy Yiuf whimpers, "Prologue hand aubergine!"
Crazy Yiuf misses you.
You tentacle-slap Crazy Yiuf but do no damage.
You grab Crazy Yiuf.
Crazy Yiuf is almost dead.
You constrict Crazy Yiuf.
Crazy Yiuf whimpers, "Aardvark meccalolo illywillydillykilly!"
Crazy Yiuf hits you with a +4 quarterstaff of chaos!
You die...

#.#
#........
###
#......##
######.##
#####
#########...
#).)#
#.....)[....
#)))#
##.#########
))) #.# #g#
#.# ##@# #.#
#)## #.#
##)# #.#
#)## #.#
##)## #.#
#)..## #.#
#....# ##.#
#'..'# #..#
#....# ##.##


You could see Crazy Yiuf.

Vanquished Creatures
  An orc wizard (D:3)
  4 adders
  2 worms (D:2)
  4 dart slugs
  5 orcs (D:3)
  8 bats
  5 endoplasms
  A giant cockroach (D:1)
  9 goblins
  6 hobgoblins
  8 jackals (D:2)
  2 quokkas (D:1)
  8 ball pythons
  4 frilled lizards
  3 kobolds
  2 rats
72 creatures vanquished.

Notes
Turn   | Place    | Note
-------+----------+-------------------------------------------
     0 | D:1      | Cheops the Octopode Hedge Wizard began the quest for the
                  | Orb.
     0 | D:1      | Reached XP level 1. HP: 11/11 MP: 4/4
   159 | D:1      | Found a faded altar of an unknown god.
   169 | D:1      | Reached skill level 2 in Conjurations
   169 | D:1      | Reached XP level 2. HP: 17/17 MP: 0/6
   578 | D:1      | Reached XP level 3. HP: 20/21 MP: 0/7
   683 | D:1      | Reached skill level 3 in Conjurations
  1242 | D:1      | Learned a level 3 spell: Mephitic Cloud
  1245 | D:1      | Learned a level 2 spell: Call Imp
  1528 | D:2      | Reached XP level 4. HP: 27/27 MP: 5/8
  1830 | D:2      | Reached skill level 4 in Conjurations
  2450 | D:3      | Found Sotoawor's Weapon Shop.
  2481 | D:3      | Reached XP level 5. HP: 31/31 MP: 6/9
  2715 | D:3      | Found a shadowy altar of Dithmenos.
  2896 | D:2      | Learned a level 1 spell: Slow
  2899 | D:2      | Learned a level 2 spell: Blink
  2910 | D:3      | Reached skill level 5 in Conjurations
  3012 | D:3      | Found a runed translucent door.
  3013 | D:3      | Noticed Crazy Yiuf
  3272 | D:3      | Mangled by Crazy Yiuf

Illustrated notes

Levels and vault maps discovered:
D:1:      lightli_arrival_quake, layout_loops_ring,
          hellmonk_ecumenical_altar_heavens_door
D:2:      layout_rooms
D:3:      layout_basic, lemuel_tele_altar, serial_shops, shop,
          uniq_crazy_yiuf_cottage

Skill      XL: |  1  2  3  4  5 |
---------------+----------------+-----
Conjurations   | 2 3 4 5 |  5.1
Dodging        | |  2.0
Stealth        | |  2.6
Spellcasting   | |  3.0
Summonings     | |  1.0
Translocations | |  1.0

Action                     |  1- 3 |  4- 6 || total
---------------------------+-------+-------++-------
  Melee: Dagger            |    18 |    18 ||    36
         Constrict         |     3 |     7 ||    10
         Tentacles         |     3 |     5 ||     8
         Unarmed           |       |     6 ||     6
   Cast: Magic Dart        |    77 |    76 ||   153
 Armour: Skin              |     6 |     3 ||     9
  Dodge: Dodged            |    29 |    26 ||    55
